 Dungeon Crawl Stone Soup version 0.22-b1-26-g9dbaab1 (webtiles) character file.

8140 Doobh the Nimble (level 11, -5/72 HPs)
             Began as a Kobold Assassin on Aug 8, 2018.
             Was an Elder of Dithmenos.
             Slain by a freezing wraith (9 damage)
             ... led by a death knight
             ... on level 11 of the Dungeon.
             The game lasted 00:55:01 (13143 turns).

Doobh the Nimble (Kobold Assassin)                 Turns: 13143, Time: 00:55:01

Health: -5/72      AC: 12    Str:  9    XL:     11   Next: 50%
Magic:  11/11      EV: 24    Int: 13    God:    Dithmenos [****..]
Gold:   592        SH:  0    Dex: 19    Spells: 2/10 levels left

rFire    + . .     SeeInvis .   x - +3 rapier (elec)
rCold    + . .     Gourm    .   (shield restricted)
rNeg     . . .     Faith    .   k - +2 animal skin
rPois    +         Spirit   .   p - +2 helmet
rElec    +         Reflect  .   t - +2 cloak
rCorr    +         Harm     .   i - +0 pair of gloves
MR       .....                  H - +0 pair of boots
Stlth    +++++++...             (no amulet)
HPRegen  0.22/turn              L - ring of resist corrosion
MPRegen  0.12/turn              (no ring)

@: resistant, slowed, wreathed by umbra, very slow
A: small, carnivore
a: Shadow Step, Renounce Religion


You were on level 11 of the Dungeon.
You worshipped Dithmenos.
Dithmenos was greatly pleased with you.
You were full.

You visited 2 branches of the dungeon, and saw 13 of its levels.

You collected 592 gold pieces.

Inventory:

Hand Weapons
 b - a +0 blowgun
 s - a +4 rapier of speed
 x - a +3 rapier of electrocution (weapon)
 D - a +4 short sword
 K - a +4 dagger
Missiles
 A - 12 poisoned needles
Armour
 i - a +0 pair of gloves (worn)
 k - a +2 animal skin (worn)
 p - a +2 helmet (worn)
 t - a +2 cloak (worn)
 H - a +0 pair of boots (worn)
Jewellery
 j - an uncursed ring of flight
 y - an uncursed ring of positive energy
 C - an uncursed amulet of magic regeneration
 L - a ring of resist corrosion (left hand)
Wands
 e - a wand of digging (19)
 f - a wand of flame (8)
 B - a wand of acid (7)
Scrolls
 h - 6 scrolls of teleportation
 m - 4 scrolls of remove curse
 n - a scroll of blinking
 u - a scroll of noise
 F - 2 scrolls of identify
 G - a scroll of magic mapping
 I - a scroll of silence {unknown}
 J - a scroll of fear
Potions
 a - 2 potions of magic {unknown}
 d - a potion of ambrosia
 l - 3 potions of lignification
 o - 2 potions of flight
 q - 2 potions of might {unknown}
 r - 2 potions of degeneration {unknown}
 v - 4 potions of brilliance {unknown}
 w - a potion of cancellation {unknown}
 z - 4 potions of curing
 E - a potion of haste
Miscellaneous
 M - a phantom mirror
Comestibles
 g - 29 rations


   Skills:
 * Level 10.3 Fighting
 + Level 8.8 Short Blades
 + Level 7.4 Throwing
 * Level 10.9 Dodging
 + Level 10.6 Stealth


You had 2 spell levels left.
You knew the following spells:

 Your Spells              Type           Power        Failure   Level  Hunger
a - Confuse               Hex            #.......     67%         3    ####...
b - Ensorcelled Hibernat  Hex/Ice        #.....       43%         2    ###....
c - Dazzling Spray        Conj/Hex       #.....       67%         3    ####...

Your spell library contained the following spells:

 Spells                   Type           Power        Failure   Level  Hunger
 Magic Dart               Conj           #...         30%         1    ##.....
 Iskenderun's Mystic Bla  Conj           #.......     97%         4    #####..
 Tukima's Dance           Hex            #.......     67%         3    ####...
 Spider Form              Tmut/Pois      #.........   67%         3    ####...
 Blade Hands              Tmut           #.........   100%        5    ######.
 Ice Form                 Ice/Tmut       #.......     97%         4    #####..
 Sticks to Snakes         Tmut           #.......     43%         2    ###....
 Corona                   Hex            #......      30%         1    ##.....
 Beastly Appendage        Tmut           #.....       30%         1    ##.....
 Fulminant Prism          Conj/Hex       #.........   97%         4    #####..
 Force Lance              Conj/Tloc      #.......     97%         4    #####..
 Searing Ray              Conj           #.....       43%         2    ###....


Dungeon Overview and Level Annotations

Branches:
Dungeon (12/15)            Temple (1/1) D:5            Lair (0/6) D:11
    Orc (0/2) D:9

Altars:
Ashenzari
Cheibriados
Dithmenos
Elyvilon
Fedhas
Gozag
Hepliaklqana
Kikubaaqudgha
Makhleb
Nemelex Xobeh
Okawaru
Qazlal
Ru
Sif Muna
Trog
Uskayaw
Vehumet
Wu Jian
Xom
Yredelemnul
Zin
The Shining One

Shops:
D:5 *   D:8 :

Annotations:
D:9 2 runed doors, Erica, Gastronok


Innate Abilities, Weirdness & Mutations

You are small and have problems with some larger weapons.
You are carnivorous and can eat meat at any time.


Message History

The freezing wraith completely misses you.
You puncture the freezing wraith!
The freezing wraith is almost destroyed.
The freezing wraith hits you! The freezing wraith freezes you! You resist.
The freezing wraith misses you.
You hit the freezing wraith but do no damage.
The freezing wraith is almost destroyed.
Your shadow hits the freezing wraith but does no damage.
The freezing wraith hits you!
* * * LOW HITPOINT WARNING * * *
The freezing wraith freezes you. You resist.
* * * LOW HITPOINT WARNING * * *
The freezing wraith hits you!
* * * LOW HITPOINT WARNING * * *
The freezing wraith drains your vigour!
You feel yourself slow down.
You hit the freezing wraith but do no damage.
The freezing wraith is almost destroyed.
The freezing wraith completely misses you.
The freezing wraith hits you!
You die...

###.## ##....# #
###.....# #.
##.......## #.
##.........#
##.#######..........#
#...................#
#....<...............
#...@W...............
#..######..(.........#
# ##...........#
#...........#
##........(.# #
#..........#
..###.........#
#...#.........#
#.........###


You could see a freezing wraith.

Vanquished Creatures
  A two-headed ogre (D:10)
  A komodo dragon (D:12)
  2 hippogriffs
  A wraith (D:10)
  A spriggan (D:8)
  4 yaks (D:10)
  Grum (D:8)
  Edmund (D:5)
  A soldier ant (D:11)
  A warg (D:8)
  7 orc warriors
  An ice beast (D:9)
  A phantom (D:10)
  2 ogres
  4 sky beasts
  3 centaurs
  2 wolves
  3 big kobolds (D:10)
  5 bullfrogs
  A gnoll sergeant (D:9)
  4 killer bees (D:10)
  17 wights
  4 howler monkeys
  3 crimson imps
  5 hounds
  3 jellies
  Crazy Yiuf (D:3)
  10 orc priests
  3 centaur skeletons
  A gnoll shaman (D:10)
  15 orc wizards
  4 bullfrog skeletons
  Terence (D:3)
  2 worker ants
  2 iguanas
  2 hound skeletons
  A worker ant zombie (D:5)
  Robin (D:2)
  17 gnolls
  6 adders
  2 shadow imps
  5 oozes
  A worm (D:3)
  2 dart slugs
  4 leopard geckos
  51 orcs
  2 ball pythons
  10 giant cockroaches
  15 goblins
  6 hobgoblins
  7 jackals
  24 kobolds
  5 quokkas
  10 bats
  2 frilled lizards (D:4)
  2 quokka skeletons
  4 rats
297 creatures vanquished.

Vanquished Creatures (others)
  6 plants (D:11)
6 creatures vanquished.

Grand Total: 303 creatures vanquished

Notes
Turn   | Place    | Note
-------+----------+-------------------------------------------
     0 | D:1      | Doobh the Kobold Assassin began the quest for the Orb.
     0 | D:1      | Reached XP level 1. HP: 12/12 MP: 1/1
    91 | D:1      | Reached XP level 2. HP: 18/18 MP: 2/2
   275 | D:1      | Reached XP level 3. HP: 20/22 MP: 3/3
   312 | D:1      | You fall through a shaft!
   950 | D:1      | Reached XP level 4. HP: 22/28 MP: 4/4
  1125 | D:2      | Noticed Robin
  1297 | D:2      | Killed Robin
  1968 | D:3      | Reached XP level 5. HP: 26/32 MP: 5/5
  2249 | D:3      | Noticed Terence
  2263 | D:3      | Killed Terence
  2357 | D:3      | Found an iron altar of Okawaru.
  2508 | D:3      | Reached XP level 6. HP: 38/38 MP: 6/6
  2595 | D:3      | Found a runed door.
  2599 | D:3      | Noticed Crazy Yiuf
  2607 | D:3      | Killed Crazy Yiuf
  2724 | D:4      | Found a shattered altar of Ashenzari.
  2861 | D:4      | Reached XP level 7. HP: 27/44 MP: 7/7
  3553 | D:5      | Entered Level 5 of the Dungeon
  3690 | D:5      | Found an opulent altar of Gozag.
  3692 | D:5      | Found Gozag's Platinum Reserve.
  3885 | D:5      | Reached skill level 5 in Fighting
  3885 | D:5      | Reached skill level 5 in Dodging
  4084 | D:5      | Found a staircase to the Ecumenical Temple.
  4101 | Temple   | Entered the Ecumenical Temple
  4211 | Temple   | Became a worshipper of Dithmenos the Shadowed
  4260 | D:5      | Reached XP level 8. HP: 50/50 MP: 8/8
  4705 | D:6      | Noticed Edmund
  4773 | D:6      | Reached skill level 5 in Short Blades
  4795 | D:5      | Killed Edmund
  5460 | D:6      | Reached * piety under Dithmenos
  5678 | D:6      | Reached XP level 9. HP: 54/56 MP: 9/9
  6167 | D:7      | Reached skill level 5 in Throwing
  6327 | D:7      | Noticed a hippogriff
  6331 | D:7      | Killed a hippogriff
  6568 | D:8      | Found Bonaun's Book Emporium.
  6577 | D:8      | Noticed Grum
  6608 | D:8      | HP: 1/57 [Grum/spear (21)]
  6863 | D:8      | Killed Grum
  7003 | D:8      | Noticed a hippogriff
  7020 | D:8      | Killed a hippogriff
  7407 | D:8      | Reached XP level 10. HP: 38/64 MP: 10/10
  8015 | D:9      | Reached ** piety under Dithmenos
  8090 | D:9      | Noticed Gastronok
  8098 | D:9      | Noticed Erica
  9578 | D:9      | Found a runed door.
  9580 | D:9      | Noticed a fire dragon
  9582 | D:9      | Found the +2 shield of Resistance {rF+ rC+ MR+}
  9585 | D:9      | Noticed an ice dragon
  9587 | D:9      | Noticed a fire dragon
  9589 | D:9      | Noticed an ice dragon
  9590 | D:9      | Found a runed door.
  9660 | D:9      | Found a staircase to the Orcish Mines.
  9981 | D:10     | Entered Level 10 of the Dungeon
  9981 | D:10     | Noticed a two-headed ogre
 10097 | D:10     | Killed a two-headed ogre
 10374 | D:10     | Reached *** piety under Dithmenos
 10374 | D:10     | Reached skill level 10 in Stealth
 10427 | D:10     | Reached skill level 10 in Dodging
 10470 | D:10     | Reached XP level 11. HP: 71/71 MP: 11/11
 11088 | D:10     | Learned a level 3 spell: Confuse
 11091 | D:10     | Learned a level 2 spell: Ensorcelled Hibernation
 11095 | D:10     | Learned a level 3 spell: Dazzling Spray
 11337 | D:10     | Reached skill level 10 in Fighting
 11385 | D:10     | Reached **** piety under Dithmenos
 11665 | D:11     | Noticed a white ugly thing
 12253 | D:11     | Found a staircase to the Lair.
 12694 | D:12     | Identified a scroll of acquirement
 12809 | D:12     | Noticed a white ugly thing
 13022 | D:11     | Noticed a death knight
 13143 | D:11     | Slain by a freezing wraith

Skill      XL: |  1  2  3  4  5  6  7  8  9 10 11 |
---------------+----------------------------------+-----
Dodging        | 2 3 4 5 6 8 10 | 10.9
Short Blades   | 3 4 5 6 8 |  8.8
Fighting       | 3 4 5 6 7 9 10 | 10.3
Stealth        | 6 7 8 10 | 10.6
Throwing       | 3 4 5 6 7 |  7.4

Action                   |  1- 3 |  4- 6 |  7- 9 | 10-12 || total
-------------------------+-------+-------+-------+-------++-------
Melee: Dagger            |    93 |    72 |       |    38 ||   203
       Rapier            |       |   106 |   362 |   299 ||   767
       Short sword       |       |       |       |   251 ||   251
 Fire: Blowgun           |     6 |    17 |    21 |    16 ||    60
Evoke: Wand              |       |       |     1 |       ||     1
  Use: Scroll            |       |     6 |    11 |    13 ||    30
       Potion            |       |       |     1 |     8 ||     9
 Stab: Sleeping          |     5 |    12 |    23 |    15 ||    55
       Distracted        |       |       |       |     1 ||     1
  Eat: Chunk             |     7 |     8 |    14 |    15 ||    44
Armor: Robe              |    13 |    40 |    27 |       ||    80
       Animal skin       |       |       |     5 |    60 ||    65
Dodge: Dodged            |    98 |    95 |   257 |   538 ||   988
